 Dungeon Crawl Stone Soup version 0.23.2-1-ga50397a (webtiles) character file.

Game seed: 9583549401885042174

54 MalarOregon the Skirmisher (level 3, 0/30 HPs)
             Began as a Ghoul Warper on May 27, 2019.
             Slain by Natasha (6 damage)
             ... on level 2 of the Dungeon.
             The game lasted 00:01:58 (1354 turns).

MalarOregon the Skirmisher (Ghoul Warper)           Turns: 1354, Time: 00:01:58

Health: 0/30       AC:  3    Str: 14    XL:     3   Next: 91%
Magic:  5/5        EV: 12    Int:  9    God:
Gold:   126        SH:  0    Dex:  8    Spells: 1/6 levels left

rFire    . . .     SeeInvis .   a - +0 short sword
rCold    + . .     Gourm    .   (no shield)
rNeg     + + +     Faith    .   b - +0 leather armour rPois โˆž Spirit .
                                (no helmet)
rElec    .         Reflect  .   (no cloak)
rCorr    .         Harm     .   (no gloves)
MR       .....                  (no boots)
Stlth    +.........             (no amulet)
HPRegen  0.00/turn              (no ring)
MPRegen  0.09/turn              (no ring)

@: rotting
A: rotting body, claws 1, carnivore, cold resistance 1, negative energy
resistance 3, inhibited regeneration, torment resistance, unbreathing
a: no special abilities


You were on level 2 of the Dungeon.
You were not hungry.

You visited 1 branch of the dungeon, and saw 2 of its levels.

You collected 126 gold pieces.

Inventory:

Hand Weapons
 a - a +0 short sword (weapon)
Missiles
 f - 5 tomahawks of dispersal (quivered) {!f}
Armour
 b - a +0 leather armour (worn)
Scrolls
 d - a scroll of blinking
 h - a scroll of teleportation {unknown}
 i - 2 scrolls of remove curse {unknown}
 k - 2 scrolls of fear {unknown}
Potions
 g - 2 potions of curing {unknown}
 j - a potion of invisibility {unknown}
Comestibles
 e - 6 rations {!d}


   Skills:
 + Level 2.9 Fighting
 + Level 2.2 Short Blades
 + Level 1.6 Throwing
 - Level 1.0 Armour
 + Level 2.2 Dodging
 - Level 2.0 Spellcasting
 - Level 2.6 Translocations


You had one spell level left.
You knew the following spells:

 Your Spells              Type           Power        Failure   Level  Hunger
a - Gell's Gravitas       Tloc           #.........   38%         3    ####...
b - Blink                 Tloc           N/A          21%         2    ###....

Your spell library contained the following spells:

 Spells                   Type           Power        Failure   Level  Hunger
 Shroud of Golubria       Chrm/Tloc      #.........   34%         2    ###....
 Lesser Beckoning         Tloc           #.........   38%         3    ####...
 Teleport Other           Tloc           #.......     38%         3    ####...
 Passage of Golubria      Tloc           N/A          80%         4    #####..


Dungeon Overview and Level Annotations

Branches:
Dungeon (2/15)

Altars:

Annotations:
D:2 Natasha


Innate Abilities, Weirdness & Mutations

Your body is rotting away.
You thrive on raw meat.
You are immune to poison.
You have sharp fingernails.
You are carnivorous and can eat meat at any time.
Your flesh is cold resistant. (rC+)
You are immune to negative energy. (rN+++)
You do not regenerate when monsters are visible.
You are immune to unholy pain and torment.
You can survive without breathing.


Message History

Found a ration.
Things that are here:
a +0 club; a goblin corpse You butcher the goblin corpse.
c - 3 chunks of flesh
Things that are here:
a +0 club; a goblin skeleton
Things that are here:
a +0 club; a goblin skeleton You now have 116 gold pieces (gained 14).
g - 2 lumpy white potions (gained 1)
You now have 126 gold pieces (gained 10).
Natasha, Servant of Life and Death comes into view.
Natasha misses you.
You closely miss Natasha. Natasha claws you.
You barely miss Natasha. Natasha claws you but does no damage.
You closely miss Natasha. Natasha claws you.
Your leather armour prevents you from hitting Natasha.
Natasha claws you!
* * * LOW HITPOINT WARNING * * *
Eat one of 3 chunks of flesh? (ye/n/q)
You eat one of the 3 chunks of flesh.
This raw flesh tastes great!
Natasha claws you but does no damage.
You barely miss Natasha. Natasha closely misses you.
You barely miss Natasha.
Natasha mumbles some strange words.
You closely miss Natasha. Natasha barely misses you.
The crimson imp blinks!
You hit Natasha.
Natasha stares at you and mumbles some strange words.
The magic dart hits you.
The crimson imp shouts, "Scamper away, thou tottering knotty-pated running sore!"
You closely miss Natasha.
Natasha stares at you and mumbles some strange words.
The magic dart hits you!
* * * LOW HITPOINT WARNING * * *
Eat one of 2 chunks of flesh? (ye/n/q)
You eat one of the 2 chunks of flesh.
This raw flesh tastes great!
Natasha barely misses you.
Eat a chunk of flesh? (ye/n/q)
You eat the chunk of flesh.
This raw flesh tastes great!
Natasha closely misses you.
The crimson imp blinks!
You hit Natasha but do no damage. Natasha closely misses you.
You hit Natasha but do no damage. Natasha barely misses you.
You puncture Natasha!
Natasha stares at you and mumbles some strange words.
The magic dart hits you.
* * * LOW HITPOINT WARNING * * *
The crimson imp blinks!
You closely miss Natasha. Natasha claws you.
You die...

....#.#######).## ..โ‰ˆ.
#.###..%........##..โ‰ˆ.
#.. ..######.......# ###
).# ##.......## .#
#.5....ยง..# +.........#
#.........# ##.......##
##....@## ##..h## ##'##
#.# #.# #.#


You could see Natasha and a crimson imp.

Vanquished Creatures
  Natasha (D:2)
  A dart slug (D:1)
  A leopard gecko (D:1)
  3 giant cockroaches
  3 goblins
  2 hobgoblins (D:1)
  3 kobolds (D:1)
  4 bats
  5 frilled lizards
  5 rats (D:1)
28 creatures vanquished.

Notes
Turn   | Place    | Note
-------+----------+-------------------------------------------
     0 | D:1      | MalarOregon the Ghoul Warper began the quest for the Orb.
     0 | D:1      | Reached XP level 1. HP: 17/17 MP: 2/2
   129 | D:1      | Reached skill level 1 in Throwing
   129 | D:1      | Reached skill level 1 in Armour
   399 | D:1      | Reached XP level 2. HP: 17/25 MP: 3/3
   712 | D:1      | Reached XP level 3. HP: 29/30 MP: 5/5
   726 | D:1      | Learned a level 2 spell: Blink
   730 | D:1      | Learned a level 3 spell: Gell's Gravitas
  1009 | D:2      | Noticed Natasha
  1024 | D:2      | Killed Natasha
  1335 | D:2      | Noticed Natasha
  1354 | D:2      | Slain by Natasha

Skill      XL: |  1  2 |
---------------+-------+-----
Throwing       | 1 |  1.6
Armour         | 1 |  1.0
Short Blades   | 2 |  2.2
Dodging        | 2 |  2.2
Spellcasting   | 2 |  2.0
Fighting       | |  2.9
Translocations | |  2.6

Action                   || total
-------------------------++-------
Melee: Short sword       ||   105
  Eat: Chunk             ||     5
Armor: Leather armour    ||    28
Dodge: Dodged            ||    53
